 Dungeon Crawl Stone Soup version 0.20.0-10-g0535bb4 (webtiles) character file.

12980 Kriby the Slicer (level 12, -9/106 HPs)
             Began as a Hill Orc Fighter on June 5, 2017.
             Was an Elder of Trog.
             Engulfed by an ice statue's freezing vapour (15 damage)
             ... in an ice cave.
             The game lasted 00:14:04 (12162 turns).

Kriby the Slicer (Hill Orc Fighter)                Turns: 12162, Time: 00:14:04

Health: -9/106     AC: 15    Str: 30    XL:     12   Next: 1%
Magic:  12/12      EV:  4    Int:  8    God:    Trog [****..]
Gold:   607        SH: 17    Dex: 10    Spells: 11/11 levels left

rFire    . . .     SeeInvis .   v - +7 captain's cutlass {speed, disarm}
rCold    . . .     Gourm    .   B - +0 large shield
rNeg     . . .     Faith    .   Q - +0 plate armour
rPois    +         Spirit   .   t - +0 helmet (curse)
rElec    .         Reflect  .   J - +0 cloak
rCorr    .         Harm     .   (no gloves)
MR       .....                  (no boots)
Stlth    ..........             (no amulet)
Regen    0.3/turn               s - +4 ring of strength
MPRegen  0.2/turn               c - ring of poison resistance

@: about to teleport
A: mutation resistance 1, strong 1
a: Berserk, Trog's Hand, Brothers in Arms, Burn Spellbooks, Renounce Religion


You were in an ice cave.
You worshipped Trog.
Trog was greatly pleased with you.
You were not hungry.

You visited 2 branches of the dungeon, and saw 10 of its levels.
You also visited: Ice Cave.

You collected 607 gold pieces.

Inventory:

Hand Weapons
 v - the +7 captain's cutlass (weapon) {speed, disarm}
   (You found it on level 4 of the Dungeon)

   Attacks with this weapon are significantly faster.
 O - a +3 broad axe of pain
Armour
 t - a cursed +0 helmet (worn)
 B - a +0 large shield (worn)
 J - a +0 cloak (worn)
 Q - a +0 plate armour (worn)
Jewellery
 c - a ring of poison resistance (right hand)
 s - a +4 ring of strength (left hand)
 N - an uncursed ring of fire
Wands
 b - a wand of iceblast (8/15)
 E - a wand of random effects (21/48)
 G - a wand of polymorph (10/24)
 L - a wand of confusion (18/48)
Scrolls
 e - 10 scrolls of identify
 i - 5 scrolls of remove curse
 k - 5 scrolls of amnesia
 p - 3 scrolls of fog
 w - a scroll of magic mapping
 y - 3 scrolls of recharging {unknown}
 C - 3 scrolls of enchant armour {unknown}
 H - a scroll of immolation {unknown}
Potions
 d - 2 potions of might
 m - 2 potions of lignification
 n - a potion of ambrosia
 q - a potion of curing
 r - 3 potions of haste
 u - 3 potions of heal wounds
Books
 D - a book of Flames

   Spells                             Type                      Level
   a - Flame Tongue                   Conjuration/Fire             1
   b - Throw Flame                    Conjuration/Fire             2
   c - Conjure Flame                  Conjuration/Fire             3
   d - Inner Flame                    Hexes/Fire                   3
   e - Sticky Flame                   Conjuration/Fire             4
   f - Fireball                       Conjuration/Fire             5
   Trog disapproves of the use of such an item.
 M - a book of Beasts

   Spells                             Type                      Level
   a - Summon Butterflies             Summoning                    1
   b - Call Canine Familiar           Summoning                    3
   c - Summon Ice Beast               Ice/Summoning                4
   d - Summon Mana Viper              Hexes/Summoning              5
   e - Summon Hydra                   Summoning                    7
   Trog disapproves of the use of such an item.
Miscellaneous
 a - a lightning rod (inert)
Comestibles
 f - 6 bread rations
 g - 4 fruits
 h - 12 royal jellies
 j - 3 meat rations


   Skills:
 + Level 9.9 Fighting
 - Level 14.2 Short Blades
 - Level 7.5 Axes
 + Level 5.5 Armour
 * Level 7.1 Shields


You had 11 spell levels left.
You didn't know any spells.

Dungeon Overview and Level Annotations

Branches:
Dungeon (9/15)             Temple (0/1) D:6            Lair (1/6) D:8
    Orc: D:9-12

Altars:
Cheibriados
Dithmenos
Elyvilon
Hepliaklqana
Kikubaaqudgha
Makhleb
Nemelex Xobeh
Okawaru
Trog
Vehumet
Xom
Yredelemnul

Annotations:
IceCv exclusion: 2 ice statues


Innate Abilities, Weirdness & Mutations

You are somewhat resistant to further mutation.
Your muscles are strong. (Str +2)


Message History

You hit the ice statue but do no damage.
The ice statue is heavily damaged.
You are engulfed in freezing vapours.
* * * LOW HITPOINT WARNING * * *
You hit the ice statue.
The ice statue is heavily damaged.
You are engulfed in freezing vapours.
* * * LOW HITPOINT WARNING * * *
You hit the ice statue.
The ice statue is heavily damaged.
You are engulfed in freezing vapours.
* * * LOW HITPOINT WARNING * * *
As you read the scroll of teleportation, it crumbles to dust.
You feel strangely unstable.
You are engulfed in freezing vapours.
* * * LOW HITPOINT WARNING * * *
The ice statue gestures.
You puncture the ice statue!
The ice statue is severely damaged.
You are engulfed in freezing vapours.
You die...

############# ######
##.....#.((..## ##.....
##......#......###......
#.......#.......#.......
#.......#.......#.......
.8..................∩..∩.
.#....§..#.......#.......
#.....§§#.......#.......
##...YY@#......###......
##..§§8#([(..## ##.....
############# ######


You could see 2 ice statues and 2 ice beasts.

Vanquished Creatures
  A flayed ghost (D:8)
  Pikel (D:8)
  An ugly thing (IceCv)
  A manticore (D:9)
  An ice statue (IceCv)
  5 spiny frogs
  A komodo dragon (D:8)
  A hornet (D:6)
  A queen bee (D:9)
  3 blink frogs (Lair:1)
  A shadow (D:8)
  6 wraiths
  2 wyverns
  2 fire bats (D:8)
  A basilisk (D:8)
  4 yaks (Lair:1)
  A hungry ghost (D:9)
  Edmund (D:6)
  An acid dragon (D:8)
  A sky beast (D:5)
  An orc warrior (D:9)
  11 ice beasts
  2 black bears (D:6)
  4 slaves (D:8)
  A necrophage (D:9)
  3 ogres
  2 phantoms
  3 centaurs
  Blork the orc (D:5)
  A big kobold (D:7)
  8 bullfrogs
  A water moccasin zombie (D:4)
  A scorpion (D:9)
  22 killer bees
  A wight (D:9)
  2 howler monkeys
  3 crimson imps
  8 hounds
  4 orc priests
  A gnoll shaman (D:5)
  4 jellies
  2 bullfrog skeletons (D:9)
  3 human zombies (D:9)
  A centaur skeleton (D:7)
  2 iguanas
  11 orc wizards
  9 worker ants
  Natasha (twice) (D:2)
  An ogre zombie (D:9)
  2 hound zombies
  A hound skeleton (D:9)
  3 mummies (D:9)
  2 worker ant zombies
  7 gnolls (D:5)
  12 adders
  A shadow imp (D:8)
  12 white imps (Lair:1)
  An ooze (D:1)
  3 worms
  2 dart slugs (D:3)
  6 leopard geckos
  34 orcs
  5 giant cockroaches
  10 goblins
  8 hobgoblins
  16 jackals
  10 kobolds
  4 quokkas
  11 ball pythons
  16 bats
  4 frilled lizards
  2 leopard gecko skeletons
  An orc zombie (D:9)
  A quokka skeleton (D:6)
  6 rats
331 creatures vanquished.

Vanquished Creatures (others)
  A wizard (D:5)
1 creature vanquished.

Grand Total: 332 creatures vanquished

Notes
Turn   | Place    | Note
-------+----------+-------------------------------------------
     0 | D:1      | Kriby the Hill Orc Fighter began the quest for the Orb.
     0 | D:1      | Reached XP level 1. HP: 19/19 MP: 1/1
    69 | D:1      | Reached XP level 2. HP: 27/27 MP: 2/2
   587 | D:1      | Reached XP level 3. HP: 32/33 MP: 3/3
  1346 | D:2      | Reached XP level 4. HP: 41/41 MP: 4/4
  1527 | D:2      | Noticed Natasha
  1533 | D:2      | Killed Natasha
  1533 | D:2      | Reached skill level 5 in Axes
  1739 | D:2      | Reached XP level 5. HP: 23/47 MP: 5/5
  2175 | D:2      | Reached skill level 5 in Fighting
  2442 | D:2      | Noticed Natasha
  2449 | D:2      | Killed Natasha
  3126 | D:3      | Reached XP level 6. HP: 49/56 MP: 6/6
  3394 | D:3      | Found a sparkling altar of Nemelex Xobeh.
  4048 | D:4      | Reached XP level 7. HP: 61/64 MP: 7/7
  4783 | D:5      | Entered Level 5 of the Dungeon
  4832 | D:5      | Reached skill level 1 in Short Blades
  4833 | D:5      | Reached XP level 8. HP: 68/75 MP: 8/8
  4841 | D:5      | Reached skill level 2 in Short Blades
  5073 | D:5      | Noticed Blork the orc
  5077 | D:5      | Killed Blork the orc
  5077 | D:5      | Reached skill level 3 in Short Blades
  5168 | D:5      | Reached skill level 4 in Short Blades
  5644 | D:5      | Reached skill level 5 in Short Blades
  5919 | D:5      | Found a snail-covered altar of Cheibriados.
  6009 | D:5      | Found a bloodstained altar of Trog.
  6011 | D:5      | Noticed a wizard
  6016 | D:5      | Killed a wizard
  6027 | D:5      | Became a worshipper of Trog the Wrathful
  6080 | D:6      | Noticed Edmund
  6094 | D:6      | Killed Edmund
  6094 | D:6      | Reached skill level 6 in Short Blades
  6126 | D:6      | Found a shadowy altar of Dithmenos.
  6270 | D:6      | Reached skill level 7 in Short Blades
  6270 | D:6      | Reached XP level 9. HP: 79/82 MP: 9/9
  6303 | D:6      | Found a staircase to the Ecumenical Temple.
  6357 | D:6      | Found an iron altar of Okawaru.
  6370 | D:6      | Noticed a hornet
  6373 | D:6      | Paralysed by a hornet for 2 turns
  6376 | D:6      | Killed a hornet
  6376 | D:6      | Reached skill level 8 in Short Blades
  6778 | D:7      | Reached skill level 9 in Short Blades
  6872 | D:7      | Reached * piety under Trog
  7132 | D:7      | Reached skill level 10 in Short Blades
  7492 | D:7      | Found a white marble altar of Elyvilon.
  7601 | D:8      | Noticed a komodo dragon
  7615 | D:8      | Killed a komodo dragon
  7615 | D:8      | Reached skill level 11 in Short Blades
  7615 | D:8      | Reached XP level 10. HP: 87/90 MP: 10/10
  7639 | D:8      | Found a staircase to the Lair.
  8205 | D:8      | Reached ** piety under Trog
  8292 | D:8      | Noticed Pikel
  8308 | D:8      | Killed Pikel
  8431 | D:8      | Found a basalt altar of Yredelemnul.
  8440 | D:8      | Reached skill level 12 in Short Blades
  8522 | D:8      | Found a runed door.
  8627 | D:8      | Found a hazy altar of Hepliaklqana.
  8761 | D:8      | Found a shimmering altar of Xom.
  8843 | D:8      | Found an ancient bone altar of Kikubaaqudgha.
  8853 | D:8      | Found a burning altar of Makhleb.
  8903 | D:8      | Found a radiant altar of Vehumet.
  8927 | D:8      | Noticed a flayed ghost
  8936 | D:8      | Killed a flayed ghost
  8936 | D:8      | Reached skill level 13 in Short Blades
  9155 | D:9      | Reached *** piety under Trog
  9155 | D:9      | Reached XP level 11. HP: 95/95 MP: 11/11
  9208 | D:9      | Found a basalt altar of Yredelemnul.
  9444 | D:9      | Found a basalt altar of Yredelemnul.
  9504 | D:9      | Reached skill level 14 in Short Blades
  9530 | D:9      | HP: 3/95 [killer bee (8)]
 10193 | D:9      | Found a runed door.
 10220 | D:9      | Reached **** piety under Trog
 10390 | D:9      | Noticed a manticore
 10405 | D:9      | Killed a manticore
 10724 | Lair:1   | Entered Level 1 of the Lair of Beasts
 10758 | Lair:1   | Reached skill level 5 in Shields
 11171 | Lair:1   | Found a frozen archway.
 11222 | Lair:1   | Reached skill level 5 in Armour
 11242 | IceCv    | Entered an ice cave
 11575 | IceCv    | Gained mutation: You are somewhat resistant to further mutation. [potion of mutation]
 11575 | IceCv    | Gained mutation: Your muscles are strong. (Str +2) [potion of mutation]
 11577 | IceCv    | Noticed a white ugly thing
 11591 | IceCv    | Noticed a white ugly thing
 11597 | IceCv    | Killed a white ugly thing
 11910 | IceCv    | Reached XP level 12. HP: 61/106 MP: 12/12
 12161 | IceCv    | HP: 5/106 [ice statue] (7)]
 12162 | IceCv    | Engulfed by an ice statue's freezing vapour

Skill      XL: |  1  2  3  4  5  6  7  8  9 10 11 |
---------------+----------------------------------+-----
Axes           | 3 4 5 6 7 |  7.5
Fighting       | 4 5 6 8 9 |  9.9
Short Blades   | 1 7 11 13 14 | 14.2
Shields        | 7 |  7.1
Armour         | 5 |  5.5

Action                   |  1- 3 |  4- 6 |  7- 9 | 10-12 || total
-------------------------+-------+-------+-------+-------++-------
Melee: War axe           |    83 |   160 |       |       ||   243
       Cutlass           |       |    46 |   330 |   589 ||   965
Invok: Berserk           |       |       |       |     1 ||     1
       Trog's Hand       |       |       |       |     1 ||     1
       Brothers in Arms  |       |       |       |     1 ||     1
Evoke: Lightning rod     |       |       |       |     4 ||     4
       Wand              |       |       |       |     1 ||     1
  Use: Scroll            |       |       |     3 |     6 ||     9
       Potion            |       |       |       |    16 ||    16
 Stab: Distracted        |       |       |       |     1 ||     1
  Eat: Chunk             |     1 |     9 |    12 |    11 ||    33
       Bread ration      |       |       |       |     2 ||     2
Armor: Scale mail        |    48 |    99 |    90 |    59 ||   296
       Plate armour      |       |       |       |    49 ||    49
Dodge: Dodged            |    24 |    65 |    47 |    56 ||   192
Block: Shield            |    51 |   107 |    46 |       ||   204
       Large shield      |       |       |   147 |   270 ||   417
